 Dungeon Crawl Stone Soup version 0.23-a0-305-g7ffd15e (webtiles) character file.

98 Gildeon the Shield-Bearer (level 4, -7/40 HPs)
             Began as a Minotaur Fighter on Oct 9, 2018.
             Mangled by an ogre
             ... wielding a +0 giant club
              (19 damage)
             ... on level 3 of the Dungeon.
             The game lasted 00:04:55 (1428 turns).

Gildeon the Shield-Bearer (Minotaur Fighter)        Turns: 1428, Time: 00:04:55

Health: -7/40      AC: 10    Str: 25    XL:     4   Next: 43%
Magic:  3/3        EV:  6    Int:  5    God:
Gold:   132        SH: 10    Dex: 11    Spells: 3/3 levels left

rFire    . . .     SeeInvis .   a - +0 war axe
rCold    . . .     Gourm    .   c - +0 shield
rNeg     . . .     Faith    .   h - +0 chain mail
rPois    .         Spirit   .   (helmet restricted)
rElec    .         Reflect  .   (no cloak)
rCorr    +         Harm     .   n - +0 pair of gloves
MR       .....                  (no boots)
Stlth    ..........             (no amulet)
HPRegen  0.13/turn              l - ring of resist corrosion
MPRegen  0.08/turn              m - ring of attention (curse)

@: mighty, lethally poisoned (-7 -> -9)
A: retaliatory headbutt, horns 2
a: no special abilities


You were on level 3 of the Dungeon.
You were not hungry.

You visited 1 branch of the dungeon, and saw 3 of its levels.

You collected 132 gold pieces.

Inventory:

Hand Weapons
 a - a +0 war axe (weapon)
Armour
 c - a +0 shield (worn)
 h - a +0 chain mail (worn)
 n - a +0 pair of gloves (worn)
Jewellery
 l - a ring of resist corrosion (left hand)
 m - a cursed ring of attention (right hand)
Scrolls
 b - a scroll of immolation {unknown}
Potions
 e - 2 potions of curing {unknown}
 g - 2 potions of ambrosia {unknown}
 i - a potion of heal wounds {unknown}
 j - a potion of berserk rage {unknown}
 k - 2 potions of haste {unknown}
Comestibles
 f - 6 rations
 o - 2 chunks of flesh


   Skills:
 + Level 4.1 Fighting
 * Level 3.9 Axes
 + Level 4.1 Armour
 + Level 1.5 Dodging
 + Level 4.2 Shields


You had 3 spell levels left.
You didn't know any spells.
Your spell library was empty.

Dungeon Overview and Level Annotations

Branches:
Dungeon (3/15)

Altars:


Innate Abilities, Weirdness & Mutations

You reflexively headbutt those who attack you in melee.
You have a pair of horns on your head.


Message History

You hit the orc but do no damage. You headbutt the orc.
You kill the orc!
You feel sick.
Things that are here:
a mace; a ring mail The ogre hits you with a giant club!
You hit the ogre.
The ogre is lightly wounded.
You block the ogre's attack.
Your shield and chain mail prevent you from hitting the ogre.
You headbutt the ogre.
The ogre is moderately wounded.
You feel sick. You block the ogre's attack.
Your shield and chain mail prevent you from hitting the ogre.
The ogre is lightly wounded.
The ogre hits you with a giant club!
* * * LOW HITPOINT WARNING * * *
You feel very mighty all of a sudden. The ogre hits you with a giant club!!
You die...

...# .#.##. ...#
.... ...# ..# ..<#
#######.#
...###..<....##
###
...#..........###
....
....###.##......#
..... .รท.##
##.......<##......
...#
#.#.....)@O......
...##
#.#....#.##......
....###.....#.#.#
.....
...#........>...#
....
...#.########.###
### .....# #.#
.....# #.# >....#
....##


You could see an ogre.

Vanquished Creatures
  4 adders
  2 oozes
  2 dart slugs (D:1)
  A leopard gecko (D:2)
  3 orcs (D:3)
  3 ball pythons
  2 giant cockroaches (D:1)
  A goblin (D:1)
  4 hobgoblins
  3 jackals (D:2)
  A quokka (D:2)
  10 bats
  4 frilled lizards
  2 kobolds (D:1)
  5 rats
47 creatures vanquished.

Notes
Turn   | Place    | Note
-------+----------+-------------------------------------------
     0 | D:1      | Gildeon the Minotaur Fighter began the quest for the Orb.
     0 | D:1      | Reached XP level 1. HP: 19/19 MP: 0/0
    69 | D:1      | Reached XP level 2. HP: 26/27 MP: 1/1
   430 | D:1      | Reached XP level 3. HP: 29/33 MP: 2/2
   589 | D:1      | Reached skill level 1 in Dodging
  1324 | D:3      | Reached XP level 4. HP: 40/40 MP: 3/3
  1420 | D:3      | Noticed an ogre
  1428 | D:3      | Mangled by an ogre

Vault maps used:
D:1:      minmay_arrival_open_corners, minmay_misc_feat_cross

Skill      XL: |  1  2  3 |
---------------+----------+-----
Axes           | 3 |  3.9
Shields        | 4 |  4.2
Dodging        | 1 |  1.5
Armour         | 4 |  4.1
Fighting       | 4 |  4.1

Action                   |  1- 3 |  4- 6 || total
-------------------------+-------+-------++-------
Melee: War axe           |    82 |    32 ||   114
       Headbutt          |    13 |     4 ||    17
  Use: Scroll            |     3 |       ||     3
       Potion            |       |     1 ||     1
  Eat: Chunk             |     1 |     1 ||     2
Armor: Scale mail        |    51 |       ||    51
       Chain mail        |       |    16 ||    16
Dodge: Dodged            |    29 |    15 ||    44
Block: Shield            |    47 |    24 ||    71

Table legend:
 A = Non-vault XP
 B = Vault XP
 C = Vault XP percentage of total XP
 D = Non-vault monster count
 E = Vault monster count
 F = Vault count percentage of total count
                 A         B        C        D         E       F
            +---------+---------+-------+---------+---------+-------
      Total |     140 |       0 |   0.0 |      47 |       0 |   0.0
            +---------+---------+-------+---------+---------+-------
        D:1 |      47 |       0 |   0.0 |      24 |       0 |   0.0
        D:2 |      38 |       0 |   0.0 |      12 |       0 |   0.0
        D:3 |      55 |       0 |   0.0 |      11 |       0 |   0.0
            +---------+---------+-------+---------+---------+-------
